 Dungeon Crawl Stone Soup version 0.24.0-123-gd5b16e6ec5 (webtiles) character file.

Game seed: 13006623380526365371, levelgen mode: deterministic

306 FishyPogo the Ducker (level 6, -8/32 HPs)
             Began as a Deep Elf Venom Mage on Dec 28, 2019.
             Killed by nerve-wracking pain
             ... invoked by an orc priest
              (11 damage)
             ... on level 4 of the Dungeon.
             The game lasted 00:05:07 (1550 turns).

FishyPogo the Ducker (Deep Elf Venom Mage)          Turns: 1550, Time: 00:05:07

Health: -8/32      AC:  5    Str:  5    XL:     6   Next: 16%
Magic:  0/12       EV: 15    Int: 22    God:
Gold:   118        SH:  0    Dex: 15    Spells: 5/11 levels left

rFire    . . .     SeeInvis .   n - +0 dagger
rCold    . . .     Gourm    .   (no shield)
rNeg     . . .     Faith    .   a - +0 robe
rPois    .         Spirit   .   (no helmet)
rElec    .         Reflect  .   (no cloak)
rCorr    .         Harm     .   l - +2 pair of gloves
MR       .....                  (no boots)
Stlth    +++.......             (no amulet)
HPRegen  0.10/turn              (no ring)
MPRegen  0.13/turn              (no ring)

@: no status effects
A: no striking features
a: no special abilities


You were on level 4 of the Dungeon.
You were not hungry.

You visited 1 branch of the dungeon, and saw 4 of its levels.

You collected 118 gold pieces.

Inventory:

Hand Weapons
 n - a +0 dagger (weapon)
Missiles
 h - 72 stones (quivered)
 j - 24 poisoned darts
 k - 7 atropa-tipped darts
Armour
 a - a +0 robe (worn)
 l - a +2 pair of gloves (worn)
Scrolls
 d - a scroll of identify
 e - 3 scrolls of teleportation
 g - a scroll of amnesia
 i - a scroll of noise
Potions
 b - 2 potions of brilliance {unknown}
Comestibles
 c - 6 rations
 f - 5 chunks of flesh


   Skills:
 * Level 3.0 Short Blades
 * Level 5.7 Dodging
 + Level 4.6 Stealth
 - Level 3.0 Spellcasting
 - Level 1.1 Conjurations
 - Level 3.2 Poison Magic


You had 5 spell levels left.
You knew the following spells:

 Your Spells              Type           Power        Failure   Level  Hunger
a - Sting                 Conj/Pois      ##..         4%          1    None
b - Poisonous Vapours     Pois/Air       ##....       10%         2    ##.....
c - Mephitic Cloud        Conj/Pois/Air  #.......     21%         3    ###....

Your spell library contained the following spells:

 Spells                   Type           Power        Failure   Level  Hunger
 Olgreb's Toxic Radiance  Pois           ###.....     32%         4    ####...
 Venom Bolt               Conj/Pois      ##........   80%         5    ######.


Dungeon Overview and Level Annotations

Branches:
Dungeon (4/15)
 Temple: D:4-7

Altars:
Hepliaklqana
Okawaru
Xom
Yredelemnul

Annotations:
D:3 Jessica


Message History

Aiming: Sting (safe; 4% risk of failure)
Press: ? - help, Shift-Dir - straight line, f - orc priest
Aim: an orc priest, wielding a +0 falchion The sting hits the orc priest but does no damage.
The orc priest is poisoned.
The orc priest closely misses you.
You hit the orc priest.
The orc priest is moderately wounded.
The orc priest hits you with a +0 falchion.
* * * LOW HITPOINT WARNING * * *
You hit the orc priest but do no damage.
The orc priest is moderately wounded.
You hit the orc priest but do no damage.
The orc priest is heavily wounded.
The orc priest hits you with a +0 falchion.
* * * LOW HITPOINT WARNING * * *
You completely miss the orc priest.
The orc priest is heavily wounded.
The orc priest mumbles some strange prayers to Beogh against you.
Pain shoots through your body!
You die...

############### #####
#........o@().# ....#
#.......#####.#
.##.###.......### #.#
................# #.#
.#####........#.# #.#
## #..o.....#†# #(# #
#........#.###.### #
#.###.####.#.....# #
#.##...##....###.######


You could see an orc priest.

Vanquished Creatures
  An ogre (D:4)
  A scorpion (D:4)
  A howler monkey (D:4)
  An orc priest (D:4)
  An orc wizard (D:4)
  Terence (D:3)
  2 adders
  An ooze (D:2)
  5 orcs
  A giant cockroach (D:2)
  2 goblins
  6 hobgoblins
  A bat (D:4)
  3 kobolds
  10 rats
37 creatures vanquished.

Notes
Turn   | Place    | Note
-------+----------+-------------------------------------------
     0 | D:1      | FishyPogo the Deep Elf Venom Mage began the quest for the
                  | Orb.
     0 | D:1      | Reached XP level 1. HP: 10/10 MP: 6/6
   357 | D:1      | Reached skill level 3 in Dodging
   361 | D:1      | Reached XP level 2. HP: 15/15 MP: 0/8
   401 | D:1      | Learned a level 2 spell: Poisonous Vapours
   540 | D:2      | Found an iron altar of Okawaru.
   772 | D:3      | Found a hazy altar of Hepliaklqana.
   775 | D:3      | Reached XP level 3. HP: 15/19 MP: 7/9
   919 | D:3      | Reached skill level 4 in Dodging
   957 | D:3      | Found a basalt altar of Yredelemnul.
   970 | D:3      | Noticed Terence
   978 | D:3      | Noticed Jessica
   981 | D:3      | Killed Terence
  1009 | D:4      | Reached skill level 1 in Short Blades
  1009 | D:4      | Reached XP level 4. HP: 16/24 MP: 0/10
  1369 | D:4      | Reached skill level 5 in Dodging
  1369 | D:4      | Reached XP level 5. HP: 28/28 MP: 6/11
  1418 | D:4      | Learned a level 3 spell: Mephitic Cloud
  1423 | D:4      | Noticed an ogre
  1431 | D:4      | Killed an ogre
  1468 | D:4      | Reached XP level 6. HP: 31/32 MP: 0/12
  1503 | D:4      | Found a shimmering altar of Xom.
  1550 | D:4      | Killed from afar by an orc priest

Levels and vault maps discovered:
D:1:      saegor_arrival_fortress, layout_basic, serial_glass, glass_columns_c,
          glass_columns_c, minmay_tripent
D:2:      layout_loops_cross, overflow_temple_1_default, cheibriados_altar_1
D:3:      layout_basic, grunt_dithmenos_smoke, lemuel_round_altar, first_ration,
          minivault_4, hangedman_decor_growths, yredelemnul_altar_generic,
          uniq_jessica, uniq_terence
D:4:      layout_loops_ring, tgw_xom

Skill      XL: |  1  2  3  4  5 |
---------------+----------------+-----
Dodging        | 3 4 5 |  5.7
Stealth        | 3 4 |  4.6
Short Blades   | 1 2 3 |  3.0
Spellcasting   | |  3.0
Conjurations   | |  1.1
Poison Magic   | |  3.2

Action                   |  1- 3 |  4- 6 || total
-------------------------+-------+-------++-------
Melee: Unarmed           |     2 |       ||     2
       Club              |     1 |       ||     1
       Dagger            |     5 |    22 ||    27
 Cast: Sting             |    55 |    38 ||    93
       Poisonous Vapours |     2 |       ||     2
       Mephitic Cloud    |       |     1 ||     1
  Use: Scroll            |     2 |     1 ||     3
       Potion            |       |     2 ||     2
  Eat: Chunk             |       |     2 ||     2
Armor: Robe              |     1 |     8 ||     9
Dodge: Dodged            |     6 |    24 ||    30
